 Dungeon Crawl Stone Soup version 0.24-a0-378-g94936e539c (webtiles) character file.

Game seed: 10896859132498388747

97 theanonym the Poker (level 4, -2/33 HPs)
             Began as a Mummy Warper on June 1, 2019.
             Slain by a goblin
             ... wielding a +1 dagger of electrocution
             ... led by Robin
              (12 damage)
             ... on level 3 of the Dungeon.
             The game lasted 00:03:00 (2768 turns).

theanonym the Poker (Mummy Warper)                  Turns: 2768, Time: 00:03:01

Health: -2/33      AC:  8    Str: 15    XL:     4   Next: 42%
Magic:  8/8        EV:  6    Int: 12    God:
Gold:   124        SH:  0    Dex: 11    Spells: 8/8 levels left

rFire    x . .     SeeInvis .   a - +0 spear
rCold    + . .     Gourm    .   (no shield)
rNeg     + + +     Faith    .   d - +0 chain mail
rPois    ∞         Spirit   .   (no helmet)
rElec    .         Reflect  .   (no cloak)
rCorr    .         Harm     .   (no gloves)
MR       .....                  (no boots)
Stlth    ..........             (no amulet)
HPRegen  0.11/turn              (no ring)
MPRegen  0.11/turn              (no ring)

@: no status effects
A: no food or potions, fire vulnerability, cold resistance 1, negative energy
resistance 3, torment resistance, unbreathing
a: no special abilities


Innate Abilities, Weirdness & Mutations

You do not eat or drink.
Your flesh is vulnerable to fire.
You are immune to poison.
Your flesh is cold resistant. (rC+)
You are immune to negative energy. (rN+++)
You are immune to unholy pain and torment.
You can survive without breathing.


   Skills:
 - Level 2.0 Fighting
 + Level 3.9 Polearms
 - Level 0.7 Throwing
 - Level 0.7 Armour
 - Level 1.5 Dodging
 - Level 2.6 Spellcasting
   Level 2.4 Translocations


You had 8 spell levels left.
You didn't know any spells.
Your spell library contained the following spells:

 Spells                   Type           Power        Failure   Level  Hunger
 Blink                    Tloc           N/A          98%         2    N/A
 Shroud of Golubria       Chrm/Tloc      #.........   99%         2    N/A
 Gell's Gravitas          Tloc           #.........   100%        3    N/A
 Lesser Beckoning         Tloc           #.........   100%        3    N/A
 Teleport Other           Tloc           #.......     100%        3    N/A
 Passage of Golubria      Tloc           N/A          100%        4    N/A

Skill      XL: |  1  2 |
---------------+-------+-----
Polearms       | 2 3 |  3.9
Fighting       | |  2.0
Throwing       | |  0.7
Armour         | |  0.7
Dodging        | |  1.5
Spellcasting   | |  2.6
Translocations | |  2.4

Action                   |  1- 3 |  4- 6 || total
-------------------------+-------+-------++-------
Melee: Spear             |   229 |    59 ||   288
Throw: Boomerang         |     1 |       ||     1
 Stab: Sleeping          |     1 |       ||     1
Armor: Chain mail        |   144 |    30 ||   174
       Leather armour    |     4 |       ||     4
Dodge: Dodged            |    87 |    11 ||    98

Inventory:

Hand Weapons
 a - a +0 spear (weapon)
Missiles
 e - 4 boomerangs of dispersal (quivered)
 k - 5 poisoned darts
Armour
 b - a +0 leather armour
 d - a +0 chain mail (worn)
Scrolls
 c - 3 scrolls of fear {unknown}
 f - a scroll of remove curse {unknown}
 g - a scroll of identify {unknown}
 h - 3 scrolls of magic mapping {unknown}
 i - a scroll of fog {unknown}
 j - 2 scrolls of teleportation {unknown}
 B - 2 scrolls of blinking


You were on level 3 of the Dungeon.
You were not hungry.

You visited 1 branch of the dungeon, and saw 3 of its levels.

You collected 124 gold pieces.

Dungeon Overview and Level Annotations

Branches:
Dungeon (3/15)

Altars:
Nemelex Xobeh
Qazlal

Annotations:
D:3 Natasha, Robin

## .# #.# #.. ..# ..#. #.# #.#
#.# # ... #.# #######.# #.#
#.##.##.### ....(##.# #.#
..........# .....##.# #.#
..##....#.#######.....##.######.#
.........g..h...................'
.......<..g.g.gg@......#)##.###.#
####..).#########......#'##+###.#
##.....# ###...###........#
#g#.#.# #E#...#E#........#
#.#+#g########...###........#
#...ggggg...................#
#####.......g......_.......g....#
................................+
...)...........###...###.......##


You could see a water elemental, Natasha, a hobgoblin and 4 goblins.

Notes
Turn   | Place    | Note
-------+----------+-------------------------------------------
     0 | D:1      | theanonym the Mummy Warper began the quest for the Orb.
     0 | D:1      | Reached XP level 1. HP: 16/16 MP: 4/4
    47 | D:1      | HP: 7/16 [leopard gecko (5)]
    62 | D:1      | HP: 7/16 [hobgoblin/+0 club (1)]
    81 | D:2      | HP: 4/16 [giant cockroach (2)]
   326 | D:1      | HP: 8/16 [leopard gecko (3)]
   327 | D:1      | Reached skill level 2 in Polearms
   543 | D:1      | Reached XP level 2. HP: 22/22 MP: 5/5
  1233 | D:2      | HP: 8/22 [adder (4)]
  1235 | D:2      | Reached skill level 3 in Polearms
  1235 | D:2      | Reached XP level 3. HP: 10/27 MP: 7/7
  1452 | D:2      | HP: 13/27 [worm (8)]
  1457 | D:2      | HP: 11/27 [hobgoblin (2)]
  1805 | D:2      | Found a sparkling altar of Nemelex Xobeh.
  2420 | D:3      | Reached XP level 4. HP: 33/33 MP: 8/8
  2549 | D:3      | Noticed an air elemental
  2551 | D:3      | Found a stormy altar of Qazlal.
  2552 | D:3      | Noticed a fire elemental
  2552 | D:3      | Noticed a water elemental
  2552 | D:3      | Noticed an earth elemental
  2716 | D:3      | Noticed Robin
  2740 | D:3      | HP: 7/33 [goblin/+1 dagger of electrocution[Robin] (18)]
  2754 | D:3      | Noticed Natasha
  2768 | D:3      | Slain by a goblin

Vanquished Creatures
  2 adders
  2 worms (D:2)
  A dart slug (D:2)
  4 leopard geckos
  An orc (D:3)
  3 giant cockroaches
  9 goblins
  12 hobgoblins
  8 jackals
  5 kobolds
  A quokka (D:2)
  2 ball pythons
  4 bats
  A frilled lizard (D:2)
  5 rats
60 creatures vanquished.

Table legend:
 A = Turns spent in this place as a percentage of turns spent in the entire game.
 B = Non-inter-level travel turns spent in this place as a percentage of non-inter-level travel turns spent in the entire game.
 C = Inter-level travel turns spent in this place as a percentage of turns spent in this place.
 D = Turns resting spent in this place as a percentage of non-inter-level travel turns spent in this place.
 E = Turns spent auto-exploring this place as a percentage of non-inter-level travel turns spent in this place.
 F = Non-inter-level travel turns spent in this place divided by the number of levels of this place that you've seen.
                   A       B       C       D       E      F
               +-------+-------+-------+-------+-------+----------------------
         Total | 100.0 | 100.0 |   2.5 |  44.7 |  37.2 | 900.0
       Dungeon | 100.0 | 100.0 |   2.5 |  44.7 |  37.2 | 900.0
               +-------+-------+-------+-------+-------+----------------------
